 Dungeon Crawl Stone Soup version 0.22.1-1-ga44c0e56f4 (webtiles) character file.

207 JOKERXD40 the Chopper (level 5, -1/47 HPs)
             Began as a Hill Orc Monk on Nov 10, 2018.
             Slain by a gnoll
             ... wielding a +0 halberd
              (12 damage)
             ... on level 4 of the Dungeon.
             The game lasted 00:07:46 (3874 turns).

JOKERXD40 the Chopper (Hill Orc Monk)               Turns: 3874, Time: 00:07:47

Health: -1/47      AC:  8    Str: 15    XL:     5   Next: 85%
Magic:  5/5        EV:  2    Int: 10    God:
Gold:   198        SH: 11    Dex: 13    Spells: 4/4 levels left

rFire    . . .     SeeInvis .   a - +0 hand axe
rCold    . . .     Gourm    .   j - +0 large shield
rNeg     . . .     Faith    .   t - +0 chain mail
rPois    .         Spirit   .   (no helmet)
rElec    .         Reflect  .   (no cloak)
rCorr    .         Harm     .   (no gloves)
MR       .....                  (no boots)
Stlth    ..........             (no amulet)
HPRegen  0.15/turn              (no ring)
MPRegen  0.09/turn              (no ring)

@: drained
A: no striking features
a: no special abilities


You were on level 4 of the Dungeon.
You were not hungry.

You visited 1 branch of the dungeon, and saw 4 of its levels.

You collected 198 gold pieces.

Inventory:

Hand Weapons
 a - a +0 hand axe (weapon)
Missiles
 b - 50 stones
 d - 2 javelins of returning (quivered)
 u - a throwing net
Armour
 j - a +0 large shield (worn)
 t - a +0 chain mail (worn)
Scrolls
 f - 3 scrolls of enchant armour {unknown}
 h - a scroll of remove curse {unknown}
 i - 2 scrolls of identify {unknown}
 m - 2 scrolls of random uselessness {unknown}
 q - 2 scrolls of fear {unknown}
 s - 3 scrolls of enchant weapon {unknown}
 w - a scroll of fog {unknown}
Potions
 e - a potion of resistance {unknown}
 g - a potion of berserk rage {unknown}
 k - a potion of lignification {unknown}
 l - a potion of might {unknown}
 n - 2 potions of curing {unknown}
 o - a potion of heal wounds {unknown}
 r - a potion of flight {unknown}
 v - a potion of brilliance {unknown}
 x - a potion of degeneration {unknown}
Comestibles
 c - 5 rations


   Skills:
 + Level 4.4(4.3) Fighting
 * Level 6.3(6.2) Axes
 + Level 2.4(2.3) Armour
 - Level 2.6(2.5) Dodging
 - Level 1.6(1.5) Stealth
 + Level 1.7(1.6) Shields


You had 4 spell levels left.
You didn't know any spells.
Your spell library was empty.

Dungeon Overview and Level Annotations

Branches:
Dungeon (4/15)
 Temple: D:4-7

Altars:


Message History

You are too injured to fight recklessly!
You are too injured to fight recklessly!
You closely miss the gnoll shaman.
The gnoll shaman is severely wounded.
You hit the gnoll. The gnoll hits you but does no damage.
You block the gnoll shaman's attack.
The gnoll hits you from afar with a halberd.
The gnoll hits you but does no damage. The gnoll shaman hits you with a whip.
* * * LOW HITPOINT WARNING * * *
Your shield and chain mail prevent you from hitting the gnoll shaman.
The gnoll shaman is severely wounded.
You hit the gnoll. You block the gnoll's attack. x2
The gnoll shaman hits you with a whip.
* * * LOW HITPOINT WARNING * * *
You block the gnoll's attack.
As you read the scroll labeled VASUPL HOTAOQI, it crumbles to dust.
The creatures around you are filled with an inner flame!
It was a scroll of immolation.
The gnoll hits you from afar with a halberd!
You die...

#.# ##.##.#
###.
...#####.#
####.# #.
.........#
#.# ###.
..#####.##
#.# #...
#.# #.#
#.#. #.#
#.# #.#.
#.# #.#
#.#. #.#
#.# #.#.
#@#
#.###.#.
#gg.#
####.......
###g#
#........#.
g#
#.###.##...
# #.#
#.##### #.#
#.# #.# #.#
#.###.##
#......####


You could see a gnoll shaman (inner flame) and 3 gnolls.

Vanquished Creatures
  A quasit (D:2)
  An orc wizard (D:4)
  Jessica (D:2)
  2 adders (D:3)
  6 worms
  A dart slug (D:1)
  A leopard gecko (D:2)
  10 orcs
  6 bats
  3 giant cockroaches
  7 goblins
  6 hobgoblins
  2 jackals (D:1)
  A quokka (D:4)
  2 ball pythons
  8 frilled lizards
  10 kobolds
  6 rats
74 creatures vanquished.

Notes
Turn   | Place    | Note
-------+----------+-------------------------------------------
     0 | D:1      | JOKERXD40 the Hill Orc Monk began the quest for the Orb.
     0 | D:1      | Reached XP level 1. HP: 19/19 MP: 1/1
    70 | D:1      | HP: 1/20 [hobgoblin/club (3)]
   585 | D:1      | Reached XP level 2. HP: 27/27 MP: 2/2
  1167 | D:2      | HP: 1/27 [worm (5)]
  1168 | D:2      | Reached XP level 3. HP: 1/33 MP: 3/3
  1656 | D:2      | Reached skill level 1 in Armour
  1686 | D:2      | Reached skill level 5 in Axes
  1686 | D:2      | Reached XP level 4. HP: 26/40 MP: 4/4
  1784 | D:2      | Noticed Jessica
  1808 | D:2      | Killed Jessica
  1808 | D:2      | Reached skill level 1 in Shields
  2529 | D:3      | Reached XP level 5. HP: 45/47 MP: 5/5
  3317 | D:3      | Reached skill level 6 in Axes
  3874 | D:4      | Slain by a gnoll

Skill      XL: |  1  2  3  4  5 |
---------------+----------------+-----
Fighting       | 4 |  4.4
Armour         | 1 2 |  2.4
Axes           | 5 6 |  6.3
Shields        | 1 |  1.7
Dodging        | |  2.6
Stealth        | |  1.6

Action                   |  1- 3 |  4- 6 || total
-------------------------+-------+-------++-------
Melee: Hand axe          |   101 |   221 ||   322
Throw: Javelin           |     2 |       ||     2
  Use: Scroll            |       |     1 ||     1
 Stab: Sleeping          |     1 |     1 ||     2
  Eat: Chunk             |     2 |     6 ||     8
       Ration            |       |     1 ||     1
Armor: Ring mail         |    45 |    26 ||    71
       Chain mail        |       |    68 ||    68
Dodge: Dodged            |    35 |    27 ||    62
Block: Large shield      |    42 |   125 ||   167
